Map: Central Protocol

Players

Chrono - Winner!

  • Race: Zerg Zerg
  • League: Gold

Grumm

  • Race: Protoss Protoss
  • League: Gold

VOD

Have the link to the VOD?

Description

Time

  • Played on: Feb. 14, 2016, 3:01 p.m.
  • Length: 14:17
Show
View Real Time Build Order
Export as new Build Order

Chrono Zerg - Winner!

Build Orders: Hatch First 

Get SALT Encoding   

  12  0:01  Drone  
  13  0:12  Overlord  
  13  0:17  Drone  
  14  0:30  Drone x2  
  14  0:34  Drone  
  17  0:56  Hatchery  
  16  0:57  Drone  
  16  1:00  Drone  
  18  1:06  Drone  
  19  1:11  Extractor  
  18  1:21  Spawning Pool  
  18  1:22  Drone  
  18  1:28  Drone  
  19  1:38  Overlord  
  19  1:51  Drone  
  20  2:05  Drone  
  21  2:09  Queen  
  21  2:11  Queen  
  21  2:15  Zergling x4  
  26  2:17  Metabolic Boost  
  27  2:33  Zergling x4  
  27  2:35  Drone x2  
  31  2:48  Queen  
  33  2:59  Drone  
  33  3:00  Drone  
  35  3:07  Hatchery  
  35  3:09  Drone x2  
  35  3:10  Overlord  
  36  3:29  Zergling x6  
  38  3:37  Zergling x2  
  38  3:38  Zergling x8  
  43  3:42  Overlord  
  43  3:58  Lair  
  41  4:29  Drone x13  
  46  4:48  Drone x2  
  46  4:49  Drone x2  
  49  4:57  Drone, Extractor  
  49  4:58  Drone x2  
  52  5:07  Zergling x6  
  52  5:09  Queen  
  52  5:10  Queen  
  58  5:16  Spire  
  57  5:24  Overlord x3  
  57  5:42  Queen  
  53  6:04  Zergling x4  
  53  6:05  Zergling x6  
  53  6:07  Overlord x2  
  57  6:14  Zergling x2  
  57  6:15  Zergling x8, Overlord x3  
  60  6:45  Drone  
  60  6:46  Drone x7  
  67  6:50  Extractor  
  67  6:52  Extractor  
  67  6:53  Extractor x2  
  63  7:12  Hatchery  
  62  7:18  Drone x3  
  62  7:19  Drone x6  
  71  7:32  Hatchery  
  70  7:47  Mutalisk x5  
  70  7:48  Mutalisk  
  70  7:49  Overlord  
  82  8:00  Mutalisk x2  
  82  8:01  Mutalisk  
  88  8:08  Drone x2  
  88  8:09  Drone x6  
  88  8:11  Infestation Pit  
  95  8:17  Queen x3  
  101  8:24  Evolution Chamber  
  101  8:25  Evolution Chamber  
  99  8:27  Mutalisk x4  
  99  8:28  Mutalisk x2  
  111  8:35  Overseer x3  
  111  8:38  Spore Crawler  
  111  8:39  Spore Crawler  
  109  8:41  Spore Crawler  
  93  9:12  Drone x14  
  93  9:13  Drone x4  
  111  9:20  Queen x2  
  117  9:25  Hive  
  117  9:26  Zerg Melee Weapons Level 1  
  117  9:27  Zerg Ground Armor Level 1  
  115  9:38  Overlord x3  
  115  9:39  Overlord x5  
  115  9:44  Pneumatized Carapace  
  115  10:20  Zergling x2  
  115  10:21  Zergling x28  
  130  10:46  Extractor x2  
  127  11:00  Hatchery, Zergling x32  
  127  11:01  Zergling x12  
  130  11:08  Corruptor x2  
  130  11:09  Corruptor x2  
  130  11:12  Hatchery  
  130  11:15  Overseer x2  
  130  11:16  Overseer  
  129  11:20  Adrenal Glands  
  129  11:21  Zerg Melee Weapons Level 2  
  129  11:22  Zerg Ground Armor Level 2  
  129  11:30  Pathogen Glands  
  129  11:32  Ultralisk Cavern  
  115  11:53  Corruptor x6  
  115  11:54  Corruptor x3  
  117  12:32  Ultralisk Cavern  
  116  12:53  Zergling x44  
  116  12:54  Zergling x38  
  163  13:20  Ultralisk x2  
  163  13:23  Overlord x6  
  169  13:40  Overlord x2  
  169  13:41  Overlord x4  
  152  13:59  Zergling x2  
  152  14:00  Zergling x30  
Show
View Real Time Build Order
Export as new Build Order

Grumm Protoss 

Build Orders: 1 Gate Expand 

Get SALT Encoding   

  12  0:01  Probe (Chrono Boost)  
  13  0:12  Probe (Chrono Boost)  
  14  0:18  Pylon  
  14  0:22  Probe (Chrono Boost)  
  15  0:36  Probe (Chrono Boost)  
  15  0:40  Gateway  
  16  0:47  Assimilator  
  16  0:48  Probe (Chrono Boost)  
  17  0:58  Probe (Chrono Boost)  
  18  1:18  Nexus  
  18  1:33  Cybernetics Core  
  18  1:34  Zealot  
  18  1:38  Probe (Chrono Boost)  
  21  2:00  Pylon  
  21  2:09  Probe (Chrono Boost)  
  21  2:11  Warp Gate (Chrono Boost)  
  22  2:17  Assimilator  
  22  2:20  Probe (Chrono Boost)  
  23  2:25  Gateway  
  23  2:30  Forge  
  23  2:36  Gateway  
  23  2:40  Probe (Chrono Boost)  
  23  2:52  Mothership Core  
  25  3:02  Probe  
  26  3:12  Stargate  
  26  3:13  Probe  
  26  3:18  Probe  
  26  3:19  Assimilator  
  28  3:32  Robotics Facility  
  28  3:39  Probe  
  28  3:40  Probe  
  30  3:50  Probe (Chrono Boost)  
  30  3:52  Probe (Chrono Boost)  
  32  4:01  Probe (Chrono Boost)  
  33  4:03  Probe (Chrono Boost)  
  34  4:10  Void Ray  
  38  4:18  Zealot  
  38  4:19  Zealot  
  40  4:37  Immortal  
  38  4:51  Stalker  
  40  4:53  Adept  
  42  5:07  Probe x2 (Chrono Boost)  
  44  5:11  Adept  
  46  5:22  Pylon  
  46  5:34  Pylon  
  46  5:40  Probe x2 (Chrono Boost)  
  48  5:51  Probe x2 (Chrono Boost)  
  38  6:14  Stalker x2  
  38  6:15  Stalker  
  38  6:16  Probe x2 (Chrono Boost)  
  38  6:17  Void Ray  
  50  6:42  Stalker x2  
  50  6:44  Probe (Chrono Boost)  
  49  6:48  Gateway  
  49  6:51  Photon Cannon  
  49  6:54  Gateway  
  49  6:55  Pylon  
  49  6:57  Probe x2 (Chrono Boost)  
  49  6:58  Warp Prism  
  53  7:08  Probe x2 (Chrono Boost)  
  55  7:12  Void Ray  
  59  7:16  Zealot x3  
  59  7:20  Protoss Ground Weapons Level 1 (Chrono Boost)  
  65  7:46  Immortal  
  69  7:55  Pylon  
  69  7:59  Pylon  
  69  8:01  Pylon  
  69  8:13  Void Ray, Pylon  
  69  8:17  Stargate  
  73  8:22  Robotics Facility  
  73  8:24  Pylon  
  73  8:42  Stalker x3  
  79  8:55  Stalker  
  75  8:56  Stalker  
  59  9:10  Phoenix x2  
  59  9:13  Photon Cannon  
  59  9:17  Photon Cannon  
  63  9:19  Stalker, Photon Cannon  
  63  9:22  Stalker x2  
  69  9:28  Photon Cannon  
  69  9:30  Photon Cannon  
  69  9:43  Phoenix x2  
  73  9:57  Warp Prism  
  75  10:05  Stalker x2  
  75  10:06  Stalker x2  
  83  10:08  Zealot  
  85  10:25  Phoenix x2  
  89  10:37  Assimilator  
  89  10:50  Pylon  
  82  11:22  Void Ray x2  
  90  11:34  Zealot x4  
  90  11:35  Zealot  
  74  11:57  Stalker  
  60  12:15  Zealot x2  
  60  12:21  Zealot x3  
  66  12:28  Twilight Council  
  66  12:30  Void Ray x2  
  66  12:36  Zealot x2  
  78  12:41  Stalker  
  78  12:42  Stalker  
  78  12:44  Stalker  
  84  13:31  Stalker x4  
  84  13:32  Stalker  
  58  13:58  Stalker  
  58  13:59  Zealot  
  58  14:00  Zealot  
  53  14:09  Zealot x2  
Tags
 
Add a new tag
Caveats
  • Supply blocks, unpowered buildings, or Contaminate may cause inaccurate times.
  • Supply counts are checked every 10 seconds.